 Dungeon Crawl Stone Soup version 0.29-a0-330-g52719c12eb (webtiles) character file.

Game seed: 2102387942274012530

907 jmlagarto the Chopper (level 8, -3/67 HPs)
             Began as a Gnoll Cinder Acolyte on Apr 12, 2022.
             Was a Priest of Ignis.
             Slain by an orc warrior
             ... wielding a +0 quarterstaff
              (9 damage)
             ... on level 4 of the Dungeon.
             The game lasted 00:08:07 (4970 turns).

jmlagarto the Chopper (Gnoll Cinder Acolyte)        Turns: 4970, Time: 00:08:09

Health: -3/67      AC: 20    Str: 16    XL:     8   Next: 8%
Magic:  14/14      EV:  5    Int: 14    God:    Ignis [***...]
Gold:   258        SH:  0    Dex:  7    Spells: 15/15 levels left

rFire   + . .      SeeInvis .   a - -1 hand axe (flame)
rCold   . . .      Faith    .   (no shield)
rNeg    . . .      Spirit   .   m - +0 plate armour
rPois   .          Reflect  .   d - +0 hat {Stlth+}
rElec   .          Harm     .   (no cloak)
rCorr   .          Rampage  .   c - +0 pair of gloves
Will    .....                   v - +0 pair of boots
Stlth   ..........              (no amulet)
HPRegen 0.21/turn               (no ring)
MPRegen 0.14/turn               (no ring)

@: fiery-armoured
A: fangs 1, strong nose, distributed training
a: Renounce Religion, Fiery Armour, Foxfire Swarm, Rising Flame


You were on level 4 of the Dungeon.
You worshipped Ignis.
Ignis was most pleased with you.
You visited 1 branch of the dungeon, and saw 4 of its levels.
You also visited: Sewer.

You collected 306 gold pieces.
You spent 48 gold pieces at shops.

Inventory:

Hand Weapons
 a - a -1 hand axe of flaming (weapon)
 q - a +2 dagger of electrocution
Missiles
 y - 6 poisoned darts (quivered)
Armour
 c - a +0 pair of gloves (worn)
 d - a +0 hat of stealth (worn)
 m - a +0 plate armour (worn)
 o - a +1 scale mail of fire resistance
 v - a +0 pair of boots (worn)
 x - a scarf of shadows
Magical Staves
 f - a staff of poison
 i - a staff of death
Jewellery
 l - a +6 ring of dexterity
 w - an amulet of reflection
Scrolls
 e - a scroll of holy word
 k - 2 scrolls of immolation
 n - a scroll of amnesia
 p - a scroll of noise
Potions
 b - 2 potions of degeneration {unknown}
 g - 2 potions of flight {unknown}
 h - a potion of brilliance {unknown}
 j - a potion of magic {unknown}
 r - a potion of might {unknown}
 s - 3 potions of heal wounds {unknown}
 t - a potion of haste {unknown}
 u - 4 potions of curing


   Skills:
 + Level 7.2 Fighting
 + Level 2.9 Short Blades
 + Level 2.9 Long Blades
 + Level 7.2 Axes
 + Level 2.9 Maces & Flails
 + Level 2.9 Polearms
 + Level 2.9 Staves
 + Level 2.9 Slings
 + Level 2.9 Bows
 + Level 2.9 Crossbows
 + Level 2.9 Throwing
 + Level 2.9 Armour
 + Level 2.9 Dodging
 + Level 2.9 Stealth
 + Level 2.9 Shields
 + Level 2.9 Unarmed Combat
 + Level 4.1 Spellcasting
 + Level 2.3 Conjurations
 + Level 2.3 Hexes
 + Level 2.3 Summonings
 + Level 2.3 Necromancy
 + Level 2.3 Translocations
 + Level 2.3 Transmutations
 + Level 6.0 Fire Magic
 + Level 2.3 Ice Magic
 + Level 2.3 Air Magic
 + Level 2.3 Earth Magic
 + Level 2.3 Poison Magic
 + Level 3.2 Invocations
 + Level 2.9 Evocations


You had 15 spell levels left.
You didn't know any spells.
Your spell library contained the following spells:

 Spells                   Type           Power      Damage    Failure   Level
 Scorch                   Fire           38%        2d6       83%         2
 Ensorcelled Hibernation  Hex/Ice        18%        N/A       100%        2
 Passwall                 Tmut/Erth      7%         N/A       100%        2
 Swiftness                Air            9%         N/A       100%        3


Dungeon Overview and Level Annotations

Branches:
Dungeon (4/15)              Sewer (visited)
 Temple: D:4-7

Altars:
Makhleb
Yredelemnul
Beogh

Shops:
D:4 *

Annotations:
D:4 WLBjork's ghost, amateur HOMo


Innate Abilities, Weirdness & Mutations

You have very sharp teeth.
Your uncanny sense of smell can sniff out nearby items.
Your experience applies equally to all skills.


Message History

The orc warrior is lightly wounded.
The foxfire hits the orc warrior.
The orc warrior is moderately wounded.
The foxfire hits the orc warrior but does no damage.
The orc warrior is moderately wounded.
The foxfire hits the orc warrior but does no damage.
The orc warrior is moderately wounded.
The foxfire hits the orc warrior but does no damage.
The orc warrior is moderately wounded.
The foxfire hits the orc warrior but does no damage.
The orc warrior is moderately wounded.
The orc warrior hits you with a +0 quarterstaff!
The orc hits you but does no damage. x2
The orc is burned by your cloak of flames.
The orc is heavily wounded.
The foxfire hits the orc warrior but does no damage.
The orc warrior is moderately wounded.
There is an open translucent gate, spattered with blood here.
You hit the orc warrior but do no damage.
You bite the orc warrior, but do no damage.
The orc warrior is moderately wounded.
You closely miss the orc. You barely miss WLBjork's ghost.
WLBjork's ghost hits you but does no damage.
The orc hits you with a +0 dagger.
The orc is burned by your cloak of flames.
The orc is heavily wounded.
The orc hits you from afar with the +8 spear "Kyroykamm" {spect, rN+ Will+ Int+7 Dex-3}!
* * * LOW HITPOINT WARNING * * *
The orc warrior closely misses you.
You hit the orc but do no damage. Your bite misses the orc.
The orc is heavily wounded.
You hit the orc warrior but do no damage.
You barely miss WLBjork's ghost.
Your cloak of flame flares fiercely!
WLBjork's ghost hits you!
* * * LOW HITPOINT WARNING * * *
WLBjork's ghost is burned by your cloak of flames.
WLBjork's ghost is lightly damaged.
The orc hits you but does no damage.
The orc warrior hits you with a +0 quarterstaff!
You die...

###.##.............# #.........
#...........)....# #.........
####.)...).......# #.........
#......)......# ######.##.
#.............# #........
##............######........
###..........................
........8....).)......8####.##.
#####...######@o'####### #.##.
#....#..oooW.......# #.##.
#....#..oo#####....#####.##.
#....#.###.....###.#........
#.####.#8#..8..#8#.#####.### #.
#............ #####.#
#8...)[_[....8#...#.### ##
##########........
#............#....


You could see an orc warrior, WLBjork's ghost and 5 orcs.

Vanquished Creatures
  An ice beast (D:4)
  2 ogres
  Pargi (Sewer)
  3 phantoms (D:4)
  A scorpion (D:4)
  2 orc priests (D:4)
  Ijyb (D:3)
  An orc wizard (D:3)
  3 gnolls (D:4)
  3 adders
  An ufetubus (D:4)
  2 worms (D:2)
  2 dart slugs
  5 orcs (D:3)
  6 ball pythons
  3 bats
  7 endoplasms
  4 giant cockroaches
  7 goblins
  12 hobgoblins
  10 quokkas
  A frilled lizard (D:3)
  7 kobolds
  8 rats
93 creatures vanquished.

Vanquished Creatures (others)
  16 foxfires (D:4)
16 creatures vanquished.

Grand Total: 109 creatures vanquished

Notes
Turn   | Place    | Note
-------+----------+-------------------------------------------
     0 | D:1      | jmlagarto the Gnoll Cinder Acolyte began the quest for the
                  | Orb.
     0 | D:1      | Reached XP level 1. HP: 23/23 MP: 4/4
   159 | D:1      | Reached XP level 2. HP: 29/29 MP: 5/5
   201 | D:1      | Found a faded altar of an unknown god.
   488 | D:1      | Reached XP level 3. HP: 35/35 MP: 7/7
  1070 | D:2      | Found a basalt altar of Yredelemnul.
  1099 | D:2      | Reached skill level 1 in Invocations
  1477 | D:3      | Noticed Ijyb
  1482 | D:3      | Paralysed by Ijyb for 2 turns
  1489 | D:3      | Paralysed by Ijyb for 6 turns
  1502 | D:3      | Paralysed by Ijyb for 3 turns
  1509 | D:3      | Killed Ijyb
  1510 | D:3      | Reached skill level 1 in Short Blades
  1510 | D:3      | Reached skill level 1 in Long Blades
  1510 | D:3      | Reached skill level 1 in Maces & Flails
  1510 | D:3      | Reached skill level 1 in Polearms
  1510 | D:3      | Reached skill level 1 in Staves
  1510 | D:3      | Reached skill level 1 in Slings
  1510 | D:3      | Reached skill level 1 in Bows
  1510 | D:3      | Reached skill level 1 in Crossbows
  1510 | D:3      | Reached skill level 1 in Throwing
  1510 | D:3      | Reached skill level 1 in Armour
  1510 | D:3      | Reached skill level 1 in Dodging
  1510 | D:3      | Reached skill level 1 in Stealth
  1510 | D:3      | Reached skill level 1 in Shields
  1510 | D:3      | Reached skill level 1 in Unarmed Combat
  1510 | D:3      | Reached skill level 1 in Evocations
  1510 | D:3      | Reached XP level 4. HP: 23/41 MP: 8/8
  1696 | D:3      | Noticed an ogre
  1706 | D:3      | Killed an ogre
  1707 | D:3      | Reached skill level 1 in Conjurations
  1707 | D:3      | Reached skill level 1 in Hexes
  1707 | D:3      | Reached skill level 1 in Summonings
  1707 | D:3      | Reached skill level 1 in Necromancy
  1707 | D:3      | Reached skill level 1 in Translocations
  1707 | D:3      | Reached skill level 1 in Transmutations
  1707 | D:3      | Reached skill level 1 in Ice Magic
  1707 | D:3      | Reached skill level 1 in Air Magic
  1707 | D:3      | Reached skill level 1 in Earth Magic
  1707 | D:3      | Reached skill level 1 in Poison Magic
  1707 | D:3      | Reached XP level 5. HP: 12/47 MP: 9/9
  3135 | D:3      | Found a burning altar of Makhleb.
  3191 | D:3      | Noticed a balrug
  3194 | D:3      | Noticed an orange demon
  3194 | D:3      | Noticed a ynoxinul
  3282 | D:4      | Reached XP level 6. HP: 53/53 MP: 10/10
  3497 | D:4      | Found Zeopigo's Assorted Antiques.
  3521 | D:4      | Bought a scroll of identify for 48 gold pieces
  3624 | D:4      | Found a glowing drain.
  3641 | Sewer    | Entered a sewer
  3738 | Sewer    | Noticed Pargi
  3750 | Sewer    | Killed Pargi
  3751 | Sewer    | Reached XP level 7. HP: 42/59 MP: 12/12
  4294 | D:4      | HP: 3/60 [ogre/+0 giant club (18)]
  4692 | D:4      | Found a runed translucent gate.
  4692 | D:4      | Found a runed translucent gate.
  4692 | D:4      | Found a runed translucent gate.
  4694 | D:4      | Identified the +8 spear "Kyroykamm" {spect, rN+ Will+ Int+7
                  | Dex-3}
  4695 | D:4      | Noticed WLBjork's ghost (amateur HOMo)
  4695 | D:4      | Identified the +13 chain mail "Exzenopp" {rPois Dex+2 SInv}
  4853 | D:4      | Reached XP level 8. HP: 53/67 MP: 14/14
  4970 | D:4      | Slain by an orc warrior

Illustrated notes

Levels and vault maps discovered:
D:1:      amcnicky_arrival_underground_garden, layout_basic,
          hellmonk_ecumenical_altar_arch_garden
D:2:      layout_loops_ring, basic_altar
D:3:      cheibrodos_greedy_goblins, layout_basic, makhleb_altar_promises_db,
          uniq_ijyb
D:4:      layout_basic, gup_sewer_entry_pipe, serial_shops, nicolae_square_shop,
          biasface_ghost_orc_armoury, st_stairs_9, minmay_misc_feat_x

Skill      XL: |  1  2  3  4  5  6  7 |
---------------+----------------------+-----
Invocations    | 1 2 3 |  3.2
Short Blades   | 1 2 |  2.9
Long Blades    | 1 2 |  2.9
Maces & Flails | 1 2 |  2.9
Polearms       | 1 2 |  2.9
Staves         | 1 2 |  2.9
Slings         | 1 2 |  2.9
Bows           | 1 2 |  2.9
Crossbows      | 1 2 |  2.9
Throwing       | 1 2 |  2.9
Armour         | 1 2 |  2.9
Dodging        | 1 2 |  2.9
Stealth        | 1 2 |  2.9
Shields        | 1 2 |  2.9
Unarmed Combat | 1 2 |  2.9
Evocations     | 1 2 |  2.9
Spellcasting   | 3 4 |  4.1
Conjurations   | 1 2 |  2.3
Hexes          | 1 2 |  2.3
Summonings     | 1 2 |  2.3
Necromancy     | 1 2 |  2.3
Translocations | 1 2 |  2.3
Transmutations | 1 2 |  2.3
Ice Magic      | 1 2 |  2.3
Air Magic      | 1 2 |  2.3
Earth Magic    | 1 2 |  2.3
Poison Magic   | 1 2 |  2.3
Fighting       | 7 |  7.2
Axes           | 7 |  7.2
Fire Magic     | 6 |  6.0

Action                   |  1- 3 |  4- 6 |  7- 9 || total
-------------------------+-------+-------+-------++-------
Melee: Hand axe          |   121 |   167 |    88 ||   376
       Bite              |     6 |    13 |     8 ||    27
       Punch             |     1 |     2 |       ||     3
Invok: Fiery Armour      |       |     1 |     3 ||     4
       Foxfire Swarm     |       |       |     1 ||     1
  Use: Scroll            |     1 |     4 |       ||     5
       Potion            |       |       |     1 ||     1
 Stab: Sleeping          |     3 |       |       ||     3
Armor: Ring mail         |    38 |       |       ||    38
       Plate armour      |    10 |   132 |    46 ||   188
Dodge: Dodged            |    48 |    32 |    22 ||   102

Table legend: (Time is in decaauts)
 A = Elapsed time spent in this place.
 B = Non-inter-level travel time spent in this place.
 C = Inter-level travel time spent in this place.
 D = Time resting spent in this place.
 E = Time spent auto-exploring this place.
 F = Levels seen in this place.
 G = Mean time per level.
                   A        B        C        D        E       F      G
               +--------+--------+--------+--------+--------+-----+--------+
         Total |   4966 |   4882 |     84 |    125 |   3920 |   5 |  993.2 |
       Dungeon |   4675 |   4591 |     84 |    125 |   3679 |   4 | 1168.8 |
         Sewer |    290 |    290 |      0 |      0 |    241 |   1 |  290.0 |
               +--------+--------+--------+--------+--------+-----+--------+

Top non-repeatable levels by time:
     D:3: 1833 daAuts
     D:4: 1411 daAuts
     D:2: 724 daAuts
     D:1: 705 daAuts
   Sewer: 290 daAuts
